 Dungeon Sprint DCSS version 0.28-a0-1080-g05a166d0ed (webtiles) character file.

Game seed: 17585242390595592399

168 DarkBird the Shield-Bearer (level 5, -2/48 HPs)
             Began as a Formicid Fighter on Dec 9, 2021.
             Was an Initiate of Wu Jian.
             Slain by Sonja (3 damage)
             ... in the Dungeon (Sprint I: "Red Sonja").
             The game lasted 00:04:46 (369 turns).

DarkBird the Shield-Bearer (Formicid Fighter)        Turns: 369, Time: 00:04:47

Health: -2/48      AC:  8    Str: 22    XL:     5   Next: 78%
Magic:  5/5        EV:  9    Int:  8    God:    Wu Jian [......]
Gold:   147        SH:  5    Dex: 10    Spells: 4/4 levels left

rFire   . . .      SeeInvis +   d - +0 long sword (protect)
rCold   . . .      Faith    .   c - +0 buckler
rNeg    . . .      Spirit   .   b - +0 scale mail
rPois   .          Reflect  .   (helmet unavailable)
rElec   .          Harm     .   (no cloak)
rCorr   .          Rampage  .   (no gloves)
Will    .....                   (no boots)
Stlth   ..........              (no amulet)
HPRegen 0.16/turn               (no ring)
MPRegen 0.09/turn               (no ring)

@: lethally poisoned (-2 -> -22)
A: permanent stasis, dig shafts and tunnels, antennae 3, four strong arms
a: Dig, Renounce Religion


You were in the Dungeon.
You worshipped Wu Jian.
Wu Jian was noncommittal.
You visited 1 branch You collected 351 gold pieces.
You spent 204 gold pieces at shops.

Inventory:

Hand Weapons
 a - a +0 rapier
 d - a +0 long sword of protection (weapon)
 e - a +1 mace of draining
Armour
 b - a +0 scale mail (worn)
 c - a +0 buckler (worn)
Potions
 g - 2 potions of magic


   Skills:
 + Level 7.1 Fighting
 + Level 4.2 Short Blades
 + Level 7.3 Armour
 + Level 7.5 Shields


You had 4 spell levels left.
You didn't know any spells.
Your spell library was empty.

Dungeon Overview and Level Annotations

Branches:
Dungeon (1/1)

Altars:
Cheibriados
Dithmenos
Elyvilon
Fedhas
Gozag
Hepliaklqana
Kikubaaqudgha
Nemelex Xobeh
Okawaru
Qazlal
Ru
Sif Muna
Trog
Uskayaw
Vehumet
Wu Jian
Yredelemnul
Zin
The Shining One

Shops:
D (

Annotations:
D Sonja


Innate Abilities, Weirdness & Mutations

You cannot be hasted, slowed, berserked, paralysed or teleported.
You can dig through walls and to a lower floor.
You have a pair of large antennae on your head. (SInv)
Your four strong arms can wield two-handed weapons with a shield.


Message History

Sonja casts a spell.
Sonja blinks!
You feel very sick.
You close the door.
You feel very sick.
Sonja opens the door.
Sonja throws a curare-tipped dart.
The curare-tipped dart completely misses you.
As you close the door, it creaks loudly!
You feel very sick.
Sonja breaks down the door.
You extend your mandibles.
You dig through the rock wall.
You feel very sick.
Sonja throws a curare-tipped dart.
You block the curare-tipped dart.
You dig through the rock wall.
You feel sick.
You dig through the rock wall.
You feel sick.
You retract your mandibles.
You barely miss Sonja.
You feel sick. You block Sonja's attack.
Sonja hits you with a +1 short sword of venom.
You are more poisoned.
Sonja misses you.
Sonja casts a spell.
Sonja blinks!
You feel very sick.
You see here 27 gold pieces.
You feel sick.
Sonja throws a curare-tipped dart.
The curare-tipped dart barely misses you.
You see here 27 gold pieces.
You feel sick.
You feel sick.
Sonja throws a curare-tipped dart.
The curare-tipped dart hits you.
You are lethally poisoned!
You have difficulty breathing.
* * * LOW HITPOINT WARNING * * *
Your stasis prevents you from being slowed.
You see here 27 gold pieces.
* * * LOW HITPOINT WARNING * * *
You feel very sick.
Sonja hits you with a +1 short sword of venom.
You die...

#..# ##+#####'#
#..####..#...#(#
#..#__##.#..##|#
{
#..#_____##'#_.+
#⌠⌠#_.∩...'..._#
{
#..._..__##_..'#
#..#_____###'.)#
############K.##
+@.$+ { #$.$# {
##.## { { #+# {{
{ { { {


{{{{ {{{ { {{{{ You could see Sonja.

Vanquished Creatures
  A yak (D)
  A jelly (D)
2 creatures vanquished.

Notes
Turn   | Place    | Note
-------+----------+-------------------------------------------
     0 | D        | DarkBird the Formicid Fighter began the quest for the Orb.
     0 | D        | Reached XP level 1. HP: 18/18 MP: 1/1
    16 | D        | Found a basalt altar of Yredelemnul.
    16 | D        | Found a hide-covered altar of Uskayaw.
    16 | D        | Found a hazy altar of Hepliaklqana.
    16 | D        | Found a shadowy altar of Dithmenos.
    16 | D        | Found an ancient bone altar of Kikubaaqudgha.
    16 | D        | Found a sacrificial altar of Ru.
    16 | D        | Found a snail-covered altar of Cheibriados.
    16 | D        | Found Junlib's Weapon Emporium.
    16 | D        | Found an opulent altar of Gozag.
    16 | D        | Found a sparkling altar of Nemelex Xobeh.
    16 | D        | Found a glowing golden altar of the Shining One.
    16 | D        | Found an iron altar of Okawaru.
    16 | D        | Found a bloodstained altar of Trog.
    16 | D        | Found a blossoming altar of Fedhas.
    16 | D        | Found a stormy altar of Qazlal.
    16 | D        | Found a white marble altar of Elyvilon.
    16 | D        | Found a glowing silver altar of Zin.
    16 | D        | Noticed a yak
    25 | D        | Killed a yak
    26 | D        | Reached XP level 2. HP: 25/29 MP: 2/2
    26 | D        | Reached XP level 3. HP: 30/35 MP: 3/3
    26 | D        | Reached XP level 4. HP: 35/41 MP: 4/4
    26 | D        | Reached XP level 5. HP: 40/47 MP: 5/5
    70 | D        | Found a shimmering blue altar of Sif Muna.
    70 | D        | Found a radiant altar of Vehumet.
    70 | D        | Found an ornate altar of the Wu Jian Council.
   307 | D        | Became a worshipper of the Wu Jian Council
   335 | D        | Bought a +0 long sword of protection for 68 gold pieces
   335 | D        | Bought a +1 mace of draining for 136 gold pieces
   354 | D        | Noticed Sonja
   369 | D        | HP: 1/48 [poisoned by Sonja (curare-tipped dart)]
   369 | D        | Slain by Sonja

Illustrated notes

Levels and vault maps discovered:
D:        dungeon_sprint_1 [red_sonja_temple_1, red_sonja_temple_small_1]

Skill      XL: |  1  2  3  4  5 |
---------------+----------------+-----
Fighting       | 6 7 |  7.1
Short Blades   | 4 |  4.2
Armour         | 6 7 |  7.3
Shields        | 7 |  7.5

Action                   |  1- 3 |  4- 6 || total
-------------------------+-------+-------++-------
Melee: Rapier            |     4 |     6 ||    10
       Long sword        |       |     2 ||     2
 Abil: Dig               |     5 |     3 ||     8
  Use: Potion            |     3 |       ||     3
Armor: Scale mail        |     1 |     5 ||     6
Dodge: Dodged            |     1 |     4 ||     5
Block: Buckler           |     1 |     3 ||     4

Table legend: (Time is in decaauts)
 A = Elapsed time spent in this place.
 B = Non-inter-level travel time spent in this place.
 C = Inter-level travel time spent in this place.
 D = Time resting spent in this place.
 E = Time spent auto-exploring this place.
 F = Levels seen in this place.
 G = Mean time per level.
                   A        B        C        D        E       F      G
               +--------+--------+--------+--------+--------+-----+--------+
         Total |    370 |    370 |      0 |    197 |      0 |   1 |  370.0 |
       Dungeon |    370 |    370 |      0 |    197 |      0 |   1 |  370.0 |
               +--------+--------+--------+--------+--------+-----+--------+

Top non-repeatable levels by time:
       D: 370 daAuts
